Map: Blackpink LE

Players

AMERICA

  • Race: Protoss Protoss
  • League: Diamond
  • Spawn Location: 1:00

LEV - Winner!

  • Race: Terran Terran
  • League: Diamond
  • Spawn Location: 7:00

VOD

Have the link to the VOD?

Description

Time

  • Played on: Feb. 18, 2018, 12:48 p.m.
  • Length: 10:54
Show
View Real Time Build Order
Export as new Build Order

AMERICA Protoss 

Build Orders: 1 Gate Expand, Blink Stalkers 

Get SALT Encoding   

  12  0:01  Probe  
  13  0:13  Probe  
  14  0:18  Pylon  
  14  0:25  Probe  
  15  0:37  Probe  
  15  0:40  Gateway  
  16  0:48  Assimilator  
  16  0:49  Probe  
  17  1:01  Probe  
  18  1:13  Probe  
  19  1:29  Nexus  
  19  1:39  Cybernetics Core  
  19  1:42  Probe  
  20  1:52  Assimilator  
  20  1:54  Probe  
  21  2:06  Probe, Pylon  
  22  2:15  Warp Gate (Chrono Boost)  
  22  2:21  Stalker (Chrono Boost)  
  24  2:32  Twilight Council  
  24  2:44  Stalker (Chrono Boost)  
  24  2:47  Probe x2  
  28  2:59  Pylon  
  28  3:05  Stalker (Chrono Boost)  
  28  3:10  Blink (Chrono Boost)  
  30  3:23  Probe  
  30  3:24  Probe  
  32  3:29  Gateway  
  32  3:33  Gateway  
  32  3:51  Shield Battery  
  32  4:00  Gateway  
  32  4:01  Gateway  
  34  4:02  Probe x2  
  34  4:15  Probe  
  35  4:18  Probe  
  36  4:27  Probe  
  36  4:30  Probe  
  37  4:39  Probe  
  37  4:42  Probe  
  37  4:44  Stalker x2  
  44  4:59  Pylon  
  43  5:00  Stalker x3  
  43  5:04  Charge  
  49  5:12  Stalker  
  49  5:13  Stalker  
  51  5:24  Stalker x2  
  51  5:26  Stalker  
  51  6:30  Nexus  
  51  6:34  Robotics Facility  
  51  6:40  Nexus  
  51  6:42  Pylon  
  51  6:44  Pylon  
  51  7:02  Probe  
  52  7:14  Probe  
  53  7:17  Pylon  
  53  7:23  Observer (Chrono Boost)  
  53  7:26  Probe  
  55  7:36  Warp Prism (Chrono Boost)  
  55  7:38  Probe  
  55  7:39  Gateway  
  55  7:40  Gateway  
  55  7:42  Pylon  
  58  7:45  Probe  
  58  7:50  Probe  
  60  7:56  Forge  
  60  7:57  Probe  
  61  7:59  Forge, Probe  
  61  8:02  Probe  
  63  8:07  Assimilator, Stalker  
  63  8:09  Probe  
  63  8:10  Assimilator  
  63  8:11  Probe  
  67  8:24  Templar Archives  
  67  8:44  Zealot x4  
  67  8:45  Stalker  
  74  8:59  Zealot x2  
  78  9:08  Zealot x3  
  78  9:09  Zealot x2  
  88  9:23  Assimilator  
  88  9:25  Assimilator  
  88  9:31  Robotics Facility  
  87  9:36  Zealot  
  87  9:37  Zealot x5  
  99  9:54  Photon Cannon  
  99  9:57  Pylon  
  99  9:59  Pylon x2  
  99  10:03  High Templar  
  101  10:18  High Templar x2  
  105  10:25  Archon  
Show
View Real Time Build Order
Export as new Build Order

LEV Terran - Winner!

Build Orders: MMM Bio 

Get SALT Encoding   

  12  0:01  SCV  
  13  0:13  SCV  
  14  0:17  Supply Depot  
  14  0:25  SCV  
  15  0:39  SCV  
  15  0:41  Barracks  
  16  0:46  Refinery  
  16  0:51  SCV  
  17  1:03  SCV  
  18  1:15  SCV  
  19  1:29  Orbital Command  
  19  1:39  Command Center  
  19  1:42  Barracks Reactor  
  19  1:51  Barracks  
  19  1:57  SCV  
  20  2:04  Refinery  
  20  2:09  SCV  
  21  2:17  Factory  
  21  2:23  SCV, Marine  
  23  2:33  Supply Depot  
  23  2:38  Barracks Tech Lab  
  23  2:50  Marine, SCV  
  23  2:51  Orbital Command  
  25  2:59  Stimpack  
  25  3:01  Marauder, Marine  
  25  3:03  SCV  
  31  3:05  Widow Mine  
  31  3:12  Marine  
  32  3:17  Starport  
  32  3:28  SCV x2  
  32  3:31  Widow Mine  
  36  3:37  Supply Depot  
  36  3:40  SCV x2  
  40  3:41  Marauder  
  40  3:42  Marine  
  41  3:51  Barracks  
  41  3:55  Medivac  
  43  4:01  Widow Mine  
  45  4:05  SCV x2  
  45  4:08  Supply Depot  
  47  4:11  Marauder, Marine x2  
  51  4:17  SCV  
  51  4:20  Supply Depot  
  51  4:22  Widow Mine  
  54  4:29  SCV x2  
  56  4:31  Supply Depot  
  56  4:35  Marine  
  56  4:36  Marauder, Marine  
  58  4:46  Barracks Tech Lab  
  58  4:52  Barracks  
  58  4:54  Barracks  
  58  4:56  Marine x2  
  58  4:58  Medivac  
  62  5:02  SCV x2  
  62  5:03  Combat Shields  
  63  5:14  Marauder, Marine x2  
  63  5:18  SCV  
  63  5:19  SCV  
  69  5:23  Supply Depot  
  69  5:24  Supply Depot  
  69  5:31  SCV x2  
  69  5:32  Marine x2  
  69  5:33  Marauder  
  73  5:55  Engineering Bay  
  73  5:56  Engineering Bay  
  73  5:57  Marauder x2, Supply Depot, Marine x2  
  73  5:59  Supply Depot, Barracks Tech Lab x2  
  49  6:20  Marauder  
  49  6:21  Marauder x3, Marine x2  
  49  6:25  Bunker  
  59  6:28  SCV x2  
  59  6:31  Bunker, Factory Tech Lab  
  61  6:33  Concussive Shells  
  61  6:36  Medivac  
  61  6:38  Marine  
  64  6:40  SCV  
  64  6:42  SCV  
  64  6:45  Marine  
  64  6:46  Bunker  
  67  6:50  Marauder x2  
  67  6:51  Marine  
  67  6:52  SCV  
  71  6:55  SCV  
  72  7:03  Refinery  
  72  7:04  SCV  
  72  7:06  Medivac  
  72  7:07  SCV  
  76  7:09  Terran Infantry Armor Level 1, Terran Infantry Weapons Level 1  
  76  7:21  Marauder, Marine x3  
  76  7:22  Marauder, Marine  
  84  7:34  SCV x2, Missile Turret  
  84  7:36  Supply Depot  
  86  7:41  Marauder, Marine x2  
  86  7:42  Marauder, Marine, Refinery  
  93  8:01  Command Center  
  93  8:03  Marauder x2, Supply Depot  
  93  8:04  Marine  
  98  8:06  Supply Depot, SCV x2  
  100  8:13  Missile Turret  
  100  8:25  Marauder x2, Marine x3  
  100  8:26  Starport Reactor  
  107  8:28  Siege Tank  
  107  8:29  SCV  
  111  8:45  Marauder x2, Marine x2  
  111  8:46  Marauder, Marine  
  116  9:03  Marine x2  
  116  9:04  Marauder  
  116  9:06  Marauder, Marine  
  116  9:07  Marine  
  124  9:15  Barracks  
  117  9:19  Medivac  
  117  9:21  Reaper, Marine  
  117  9:23  Barracks  
  121  9:24  Marauder  
  121  9:25  Barracks  
  121  9:26  Marauder  
  125  9:31  Marauder  
  125  9:32  Marauder  
  129  9:38  Marine  
  129  9:39  Orbital Command  
  130  9:53  Armory, SCV x2  
  130  9:55  Medivac  
  130  9:56  Medivac  
  130  9:59  Siege Tank  
  139  10:05  SCV x2  
  139  10:06  SCV  
  142  10:08  Marine  
  142  10:09  Marauder x2, Marine  
  142  10:13  Barracks Tech Lab  
  142  10:14  Barracks Tech Lab, Barracks Reactor  
  148  10:17  SCV  
Tags
 
Add a new tag
Caveats
  • Supply blocks, unpowered buildings, or Contaminate may cause inaccurate times.
  • Supply counts are checked every 10 seconds.